 Dungeon Crawl Stone Soup version 0.19-a0-682-g708bd0e (webtiles) character file.

9515 TheGoonsmith the Spear-Bearer (level 11, -7/87 (89) HPs)
             Began as a Merfolk Ice Elementalist on June 17, 2016.
             Was a High Priest of Makhleb.
             Mangled by an unseen horror (11 damage)
             ... on level 11 of the Dungeon.
             The game lasted 00:23:04 (11413 turns).

TheGoonsmith the Spear-Bearer (MfIE)               Turns: 11413, Time: 00:23:04

HP:   -7/87 (89)    AC:  6    Str:  8    XL:     11   Next: 47%
MP:   16/16         EV: 22    Int: 17    God:    Makhleb [*****.]
Gold: 579           SH:  0    Dex: 16    Spells: 4 memorised, 2 levels left

rFire  + + .     SeeInvis .     L - +5 glaive (chop)
rCold  . . .     Gourm    .     T - +1 robe {Archmagi}
rNeg   . . .     Faith    .     (shield currently unavailable)
rPois  .         Spirit   .     (no helmet)
rElec  .         Dismiss  .     (no cloak)
rCorr  .         Reflect  .     (no gloves)
SustAt .         Harm     .     X - +2 pair of boots
MR     .....                    S - amulet of magic regeneration
Stlth  ++........               u - +2 ring of evasion
                                C - ring of protection from fire

@: not resistant to hostile enchantments, unstealthy
A: change form in water, swift swim, fire resistance 1, evolution 1
a: Minor Destruction, Lesser Servant of Makhleb, Major Destruction, Greater
Servant of Makhleb, Renounce Religion


You were on level 11 of the Dungeon.
You worshipped Makhleb.
Makhleb was extremely pleased with you.
You were not hungry.

You visited 1 branch of the dungeon, and saw 11 of its levels.

You collected 579 gold pieces.

Inventory:

Hand Weapons
 t - a +2 spear of venom
 L - a +5 glaive of chopping (weapon)
Armour
 a - a +1 robe
 g - the +0 robe of the Circus Animal {rElec MR- Str+4 SInv}
   (You found it on level 9 of the Dungeon)

   It affects your strength (+4).
   It insulates you from electricity.
   It affects your resistance to hostile enchantments.
   It lets you see invisible.
 T - a +1 robe of the Archmagi (worn)
 X - a +2 pair of boots (worn)
Jewellery
 r - an uncursed ring of positive energy
 u - a +2 ring of evasion (right hand)
 w - an uncursed ring of protection from magic
 y - an uncursed ring of sustain attributes
 C - a ring of protection from fire (left hand)
 D - an uncursed amulet of harm
 P - an uncursed ring of flight
 S - an amulet of magic regeneration (around neck)
Wands
 K - a wand of random effects (24/48)
 O - a wand of disintegration (24/24)
 U - a wand of digging (8/24)
Scrolls
 h - 4 scrolls of teleportation
 i - 5 scrolls of fear
 v - 2 scrolls of remove curse
 z - 3 scrolls of identify
 A - 3 scrolls of amnesia
 F - 2 scrolls of magic mapping
Potions
 e - 4 potions of lignification
 j - a potion of haste
 l - 2 potions of heal wounds
 m - 8 potions of curing
 n - 3 potions of mutation
 o - a potion of flight
 p - 2 potions of cure mutation
 q - 2 potions of cancellation
 s - 2 potions of agility
 B - 2 potions of ambrosia
 E - 3 potions of degeneration
 H - a potion of might {unknown}
 J - a potion of berserk rage {unknown}
 W - a potion of experience {unknown}
Books
 b - a book of Frost

   Spells                             Type                      Level
   a - Freeze                         Ice                          1
   b - Throw Frost                    Conjuration/Ice              2
   c - Ozocubu's Armour               Charms/Ice                   3
   d - Throw Icicle                   Conjuration/Ice              4
   e - Summon Ice Beast               Ice/Summoning                4
 x - a book of Clouds

   Spells                             Type                      Level
   a - Mephitic Cloud                 Conjuration/Poison/Air       3
   b - Conjure Flame                  Conjuration/Fire             3
   c - Poisonous Cloud                Conjuration/Poison/Air       6
   d - Freezing Cloud                 Conjuration/Ice/Air          6
   e - Ring of Flames                 Charms/Fire                  7
 G - a book of Necromancy

   Spells                             Type                      Level
   a - Pain                           Necromancy                   1
   b - Animate Skeleton               Necromancy                   1
   c - Vampiric Draining              Necromancy                   3
   d - Regeneration                   Charms/Necromancy            3
   e - Animate Dead                   Necromancy                   4
   f - Control Undead                 Necromancy                   4
 N - a book of Dreams

   Spells                             Type                      Level
   a - Ensorcelled Hibernation        Hexes/Ice                    2
   b - Silence                        Hexes/Air                    5
   c - Darkness                       Hexes                        6
   d - Shadow Creatures               Summoning                    6
 R - a book of Alchemy

   Spells                             Type                      Level
   a - Sublimation of Blood           Necromancy                   2
   b - Ignite Poison                  Fire/Transmutation/Poison    3
   c - Petrify                        Transmutation/Earth          4
   d - Alistair's Intoxication        Transmutation/Poison         5
   e - Irradiate                      Conjuration/Transmutation    5
Comestibles
 c - 3 bread rations
 f - 6 meat rations
 k - a slice of pizza
 I - a royal jelly


   Skills:
 - Level 9.0 Fighting
 - Level 13.3 Polearms
 - Level 11.0 Dodging
 - Level 2.1 Stealth
 + Level 3.3 Spellcasting
 + Level 2.3 Conjurations
 + Level 8.6 Ice Magic
 + Level 2.2 Air Magic


You had 2 spell levels left.
You knew the following spells:

 Your Spells              Type           Power        Failure   Level  Hunger
a - Freeze                Ice            ####         1%          1    None
b - Freezing Cloud        Conj/Ice/Air   ####......   100%        6    #######
c - Summon Ice Beast      Ice/Summ       ####....     30%         4    ####...
A - Ozocubu's Armour      Chrm/Ice       ####....     10%         3    ###....


Dungeon Overview and Level Annotations

Branches:
Dungeon (11/15)            Temple (0/1) D:5            Lair (0/6) D:10
    Orc (0/2) D:11

Altars:
Cheibriados
Dithmenos
Fedhas
Hepliaklqana
Makhleb
Nemelex Xobeh
Pakellas
Uskayaw

Shops:
D:4 %


Innate Abilities, Weirdness & Mutations

You revert to your normal form in water.
You are very nimble and swift while swimming.
Your flesh is heat resistant. (rF+)
You evolve.


Message History

Eat which item? (? for menu, Esc to quit)
Magic restored.
Something hits you.
You continue eating.
Something hits you. Something barely misses you.
You continue eating.
Something hits you but does no damage. Something completely misses you.
You finish eating.
That bread ration really hit the spot!
You start resting.
Something hits you! Something barely misses you. Something hits you.
Something hits you!
* * * LOW HITPOINT WARNING * * *
Something misses you. Something hits you!
* * * LOW HITPOINT WARNING * * *
Something hits you.
* * * LOW HITPOINT WARNING * * *
Something hits you.
* * * LOW HITPOINT WARNING * * *
Something hits you!
You die...

********###################******
,,,,,,,<.....!..@..<.......,,,,,,
*********####...###########******
#...#
*****########.$.#######**********
,,,,,[.....)...........,,,,,,,,,,
,,,,,..................,,,,,,,,,,
,,,,,..............####**********
*****############..# *..#


There were no monsters in sight!

Vanquished Creatures
  The ghost of Geoffrax the Cudgeler, a novice OgSk of Hepliaklqana (D:7)
  2 hill giants
  Pikel (D:8)
  A gargoyle (D:11)
  A komodo dragon (D:10)
  2 wyverns (D:10)
  2 hungry ghosts
  3 vampire mosquitoes (D:9)
  A hippogriff (D:7)
  2 water moccasins
  2 phantoms
  5 sky beasts
  4 orc warriors
  A necrophage (D:6)
  2 black bears
  An ice beast (D:10)
  7 ogres
  3 centaurs
  3 big kobolds
  7 giant frogs
  A water moccasin zombie (D:6)
  2 scorpions
  6 killer bees (D:9)
  12 wights
  4 jellies
  5 crimson imps
  3 howler monkeys
  2 centaur zombies
  A quasit (D:8)
  6 orc priests
  3 hounds
  6 orc wizards
  3 giant frog skeletons
  3 iguanas
  7 worker ants
  A killer bee zombie (D:9)
  A hound zombie (D:8)
  A hound skeleton (D:6)
  3 gnolls (D:5)
  A worker ant zombie (D:8)
  A howler monkey skeleton (D:4)
  15 adders
  A shadow imp (D:6)
  An ooze (D:6)
  An adder zombie (D:7)
  3 worms
  2 dart slugs (D:1)
  2 giant geckos
  34 orcs
  8 giant cockroaches
  6 hobgoblins
  8 jackals
  4 quokkas
  2 ball pythons
  10 bats
  7 giant newts
  7 goblins
  A jackal zombie (D:6)
  20 kobolds
  2 quokka skeletons
  5 rats
262 creatures vanquished.

Vanquished Creatures (others)
  A yak (D:5)
  A plant (D:10)
2 creatures vanquished.

Grand Total: 264 creatures vanquished

Notes
Turn   | Place    | Note
--------------------------------------------------------------
     0 | D:1      | TheGoonsmith the Merfolk Ice Elementalist began the quest for the Orb.
     0 | D:1      | Reached XP level 1. HP: 13/13 MP: 3/3
   308 | D:1      | Reached XP level 2. HP: 13/19 MP: 0/5
   923 | D:2      | You fall through a shaft!
   952 | D:3      | Reached XP level 3. HP: 12/24 MP: 2/6
  1410 | D:3      | Reached skill level 5 in Ice Magic
  1498 | D:3      | Reached XP level 4. HP: 21/30 MP: 2/7
  1741 | D:3      | Found a burning altar of Makhleb.
  1994 | D:3      | Became a worshipper of Makhleb the Destroyer
  2317 | D:4      | Reached XP level 5. HP: 25/35 MP: 4/8
  2346 | D:4      | Noticed a sky beast
  2352 | D:4      | Killed a sky beast
  2352 | D:4      | Reached XP level 6. HP: 27/41 MP: 4/9
  2766 | D:2      | Found a shadowy altar of Dithmenos.
  2789 | D:2      | Found a hazy altar of Hepliaklqana.
  2836 | D:2      | Learned a level 3 spell: Ozocubu's Armour
  2841 | D:2      | Learned a level 4 spell: Summon Ice Beast
  3344 | D:2      | Reached * piety under Makhleb
  3357 | D:2      | Found a snail-covered altar of Cheibriados.
  3551 | D:4      | Reached skill level 1 in Polearms
  3699 | D:4      | Reached skill level 2 in Polearms
  3974 | D:4      | Reached skill level 3 in Polearms
  3994 | D:4      | Reached skill level 4 in Polearms
  3994 | D:4      | Reached XP level 7. HP: 21/46 MP: 3/10
  4185 | D:4      | Found a blossoming altar of Fedhas.
  4248 | D:4      | Found Got Fuaq's Food Shoppe.
  4383 | D:5      | Entered Level 5 of the Dungeon
  4425 | D:5      | Reached skill level 5 in Polearms
  4678 | D:5      | Found a staircase to the Ecumenical Temple.
  4828 | D:5      | Reached ** piety under Makhleb
  4828 | D:5      | Reached skill level 6 in Polearms
  4963 | D:5      | Found an oddly glowing altar of Pakellas.
  4963 | D:5      | Noticed a yak
  4970 | D:5      | Killed a yak
  5261 | D:6      | Reached skill level 7 in Polearms
  5344 | D:6      | Found a sparkling altar of Nemelex Xobeh.
  5353 | D:6      | Reached skill level 8 in Polearms
  5364 | D:6      | Reached XP level 8. HP: 48/52 MP: 9/11
  5401 | D:6      | Reached skill level 9 in Polearms
  5767 | D:6      | Found a blossoming altar of Fedhas.
  5770 | D:6      | Found a hide-covered altar of Uskayaw.
  5779 | D:6      | Reached skill level 10 in Polearms
  5995 | D:6      | Reached skill level 11 in Polearms
  6565 | D:6      | Reached skill level 12 in Polearms
  6576 | D:6      | Reached *** piety under Makhleb
  6576 | D:6      | Reached XP level 9. HP: 40/55 MP: 1/12
  7142 | D:7      | Reached skill level 5 in Fighting
  7403 | D:7      | Noticed Geoffrax's ghost (novice OgSk)
  7464 | D:7      | Killed Geoffrax's ghost
  8003 | D:7      | Reached XP level 10. HP: 57/80 MP: 7/13
  8084 | D:7      | Reached **** piety under Makhleb
  8318 | D:8      | Noticed Pikel
  8342 | D:8      | Killed Pikel
  8342 | D:8      | Reached skill level 5 in Dodging
  8483 | D:8      | Got a fine brass ring
  8484 | D:8      | Identified the ring "Zurphupli" {*Tele MP+9 Int+3} (You found it on level 8 of the Dungeon)
  9285 | D:9      | Reached ***** piety under Makhleb
  9324 | D:9      | Reached skill level 10 in Dodging
  9420 | D:9      | Noticed a hill giant
  9426 | D:9      | Killed a hill giant
  9567 | D:9      | Got an ominously black robe
  9568 | D:9      | Identified the +0 robe of the Circus Animal {rElec MR- Str+4 SInv} (You found it on level 9 of the Dungeon)
  9654 | D:9      | Reached XP level 11. HP: 87/87 MP: 14/14
  9679 | D:9      | Reached skill level 13 in Polearms
  9719 | D:9      | Learned a level 6 spell: Freezing Cloud
  9773 | D:9      | Gained mutation: Your mind is acute. (Int +2) [mutagenic meat]
  9774 | D:9      | Lost mutation: Your mind is acute. (Int +2) [mutagenic meat]
  9775 | D:9      | Gained mutation: You evolve. [mutagenic meat]
  9776 | D:9      | Gained mutation: Your flesh is heat resistant. (rF+) [mutagenic meat]
  9915 | D:9      | Reached skill level 1 in Conjurations
 10120 | D:10     | Entered Level 10 of the Dungeon
 10198 | D:10     | Reached skill level 1 in Air Magic
 10649 | D:10     | Noticed a hill giant
 10657 | D:10     | Killed a hill giant
 10878 | D:10     | Found a staircase to the Lair.
 11412 | D:11     | HP: 4/87 [something (6)]
 11413 | D:11     | Mangled by an unseen horror

Vault maps used:
D:1:      minmay_arrival_jagged
D:2:      overflow_temple_1_default, lemuel_crystal_altar,
          grunt_dithmenos_smoke_and_mirrors, first_bread
D:3:      lemuel_coloured_pillars_altar
D:4:      nicolae_overflow_crystal_walls, serial_shops, shop,
          corexii_item_surrounded_by_moat
D:5:      temple_doors_e, gammafunk_pakellas_its_alive
D:6:      kennysheep_windowed_halls, eat_drink_and_be_merry_uskayaw,
          basic_altar, fedhas_altar_1
D:8:      uniq_pikel
D:10:     david_lair_shrubbed
D:11:     david_orc_1_choice, portal_ice_cave_entry_ice_beasts, grunt_ogre_cave

Skill      XL: |  1  2  3  4  5  6  7  8  9 10 11 |
---------------+----------------------------------+-----
Ice Magic      | 4 5 6 7 8 |  8.6
Polearms       | 4 8 12 13 | 13.3
Fighting       | 8 9 |  9.0
Dodging        | 11 | 11.0
Conjurations   | 2 |  2.3
Air Magic      | 2 |  2.2
Spellcasting   | 3 |  3.3
Stealth        | |  2.1

Action                   |  1- 3 |  4- 6 |  7- 9 | 10-12 || total
-------------------------+-------+-------+-------+-------++-------
Melee: Unarmed           |    12 |    25 |       |       ||    37
       Spear             |       |    30 |   247 |       ||   277
       Glaive            |       |       |    34 |   298 ||   332
 Cast: Freeze            |    41 |    85 |   112 |    93 ||   331
       Ozocubu's Armour  |       |       |     6 |    13 ||    19
  Use: Scroll            |       |     7 |     7 |    21 ||    35
       Potion            |       |     1 |     2 |       ||     3
 Stab: Sleeping          |       |     3 |     9 |     3 ||    15
       Distracted        |       |     1 |       |     2 ||     3
  Eat: Chunk             |     2 |     5 |    13 |    15 ||    35
       Bread ration      |       |     1 |     1 |     2 ||     4
Armor: Robe              |     7 |    15 |    42 |    82 ||   146
Dodge: Dodged            |    29 |    93 |   191 |   354 ||   667
